| TOP OF THE 1ST |
|
Peoria Chiefs batting - Pitching for Hagerstown Suns : RHP Greg Hall
|
|
Pitching: RHP Greg Hall
|
|
|
Batting: RHB Chris Rouleau
|
0-0: Swinging Strike 0-1: Swinging Strike 0-2: Ball 1-2: Ground out 2-3 (Groundball, 2L, EV 68.1 MPH)
|
|
Batting: RHB Tim Jobe
|
0-0: Called Strike 0-1: Ball 1-1: Ground out U3 (Groundball, 3, EV 89.4 MPH)
|
|
Batting: LHB Ignacio Ocampo
|
0-0: Called Strike 0-1: Ball 1-1: Ball 2-1: Called Strike 2-2: Ball 3-2: Strikes out looking
|
| Top of the 1st over - 0 runs, 0 hits, 0 errors, 0 left on base; Peoria 0 - Hagerstown 0 |
| BOTTOM OF THE 1ST |
|
Hagerstown Suns batting - Pitching for Peoria Chiefs : RHP Tony Casey
|
|
Pitching: RHP Tony Casey
|
|
|
Batting: RHB Taffounnout Kame
|
0-0: Ball 1-0: Ground out 5-3 (Groundball, 5L, EV 108.1 MPH)
|
|
Batting: RHB Aaron Bateman
|
0-0: Reached on error, E5 (Groundball, 56, EV 99.4 MPH)
|
|
Batting: RHB Xavier Reeves
|
0-0: Called Strike 0-1: Ball 1-1: Fly out, F8 (Flyball, 78M, EV 88.8 MPH)
|
|
Batting: RHB Leo Gutierrez
|
0-0: Foul Ball, location: 2F 0-1: Ball 1-1: Ball 2-1: Ball 3-1: Base on Balls Aaron Bateman to second
|
|
Batting: LHB Diego Gutierres
|
0-0: Foul Ball, location: 2F 0-1: Called Strike 0-2: Ball 1-2: Strikes out looking
|
| Bottom of the 1st over - 0 runs, 0 hits, 1 error, 2 left on base; Peoria 0 - Hagerstown 0 |
| TOP OF THE 2ND |
|
Peoria Chiefs batting - Pitching for Hagerstown Suns : RHP Greg Hall
|
|
Batting: RHB Bobby Miles
|
0-0: Fly out, F9 (Flyball, 89S, EV 95.0 MPH)
|
|
Batting: RHB Sam Daw
|
0-0: Foul Ball, location: 2F 0-1: Called Strike 0-2: Ball 1-2: Foul Ball, location: 2F 1-2: Fly out, F1 (Line Drive, P, EV 65.6 MPH)
|
|
Batting: RHB Fekadu Alhaadi
|
0-0: Ball 1-0: Called Strike 1-1: Foul Ball, location: 2F 1-2: Fly out, F9 (Flyball, 89S, EV 78.1 MPH)
|
| Top of the 2nd over - 0 runs, 0 hits, 0 errors, 0 left on base; Peoria 0 - Hagerstown 0 |
| BOTTOM OF THE 2ND |
|
Hagerstown Suns batting - Pitching for Peoria Chiefs : RHP Tony Casey
|
|
Batting: RHB Yok-sing Szema
|
0-0: Called Strike 0-1: Swinging Strike 0-2: Ball 1-2: Strikes out swinging
|
|
Batting: RHB Hun-hyeon Kym
|
0-0: Ball 1-0: Foul Ball, location: 2F 1-1: Fly out, F7 (Line Drive, 7S, EV 85.0 MPH)
|
|
Batting: RHB Jelexiz Cuenca
|
0-0: Swinging Strike 0-1: Ball 1-1: Ball 2-1: Ball 3-1: Foul Ball, location: 2F 3-2: Foul Ball, location: 2F 3-2: SINGLE (Groundball, 34D, EV 94.4 MPH)
|
|
Batting: RHB Joe Simmelink
|
0-0: Called Strike 0-1: Foul Ball, location: 2F 0-2: Ball 1-2: Ball 2-2: Foul Ball, location: 2F 2-2: Foul Ball, location: 2F 2-2: Ball 3-2: Foul Ball, location: 2F 3-2: Foul Ball, location: 2F 3-2: Foul Ball, location: 2F 3-2: SINGLE (Line Drive, 34, EV 105.6 MPH) Jelexiz Cuenca to second Jelexiz Cuenca to third
|
|
Batting: RHB Taffounnout Kame
|
0-0: Fly out, F9 (Flyball, 9, EV 86.2 MPH)
|
| Bottom of the 2nd over - 0 runs, 2 hits, 0 errors, 2 left on base; Peoria 0 - Hagerstown 0 |
| TOP OF THE 3RD |
|
Peoria Chiefs batting - Pitching for Hagerstown Suns : RHP Greg Hall
|
|
Batting: RHB Kyle Burns
|
0-0: Ball 1-0: SINGLE (Groundball, 6D, EV 102.5 MPH)
|
|
Batting: SHB Bobby Mercado
|
0-0: Ball 1-0: Foul Ball, location: 2F 1-1: Foul Ball, location: 2F 1-2: Foul Ball, location: 2F 1-2: Strikes out looking
|
|
Batting: LHB Dwain Ashford
|
0-0: Grounds into double play, 4-6-3 (Groundball, 4, EV 108.1 MPH)
|
| Top of the 3rd over - 0 runs, 1 hit, 0 errors, 0 left on base; Peoria 0 - Hagerstown 0 |
| BOTTOM OF THE 3RD |
|
Hagerstown Suns batting - Pitching for Peoria Chiefs : RHP Tony Casey
|
|
Batting: RHB Aaron Bateman
|
0-0: Ball 1-0: Ball 2-0: Swinging Strike 2-1: Ball 3-1: Base on Balls
|
|
Batting: RHB Xavier Reeves
|
0-0: Ball 1-0: Ball 2-0: Ball 3-0: Base on Balls Aaron Bateman to second
|
|
Batting: RHB Leo Gutierrez
|
0-0: Ball 1-0: Fielders Choice at 2nd, 4-6 (Groundball, 34, EV 102.5 MPH) Aaron Bateman to third
|
|
Batting: LHB Diego Gutierres
|
Pickoff Throw to First - Out! 1-3 0-0: Foul Ball, location: 2F 0-1: Ball 1-1: Swinging Strike 1-2: Strikes out swinging
|
| Bottom of the 3rd over - 0 runs, 0 hits, 0 errors, 1 left on base; Peoria 0 - Hagerstown 0 |
| TOP OF THE 4TH |
|
Peoria Chiefs batting - Pitching for Hagerstown Suns : RHP Greg Hall
|
|
Batting: RHB Chris Rouleau
|
0-0: Ball 1-0: Ball 2-0: Ball 3-0: Called Strike 3-1: Foul Ball, location: 2F 3-2: Strikes out swinging
|
|
Batting: RHB Tim Jobe
|
0-0: Swinging Strike 0-1: Called Strike 0-2: Strikes out looking
|
|
Batting: LHB Ignacio Ocampo
|
0-0: SINGLE (Groundball, 4MD, EV 94.4 MPH)
|
|
Batting: RHB Bobby Miles
|
0-0: Ball 1-0: Called Strike 1-1: Ball 2-1: Fly out, F9 (Flyball, 9, EV 78.8 MPH)
|
| Top of the 4th over - 0 runs, 1 hit, 0 errors, 1 left on base; Peoria 0 - Hagerstown 0 |
| BOTTOM OF THE 4TH |
|
Hagerstown Suns batting - Pitching for Peoria Chiefs : RHP Tony Casey
|
|
Batting: RHB Yok-sing Szema
|
0-0: Called Strike 0-1: Called Strike 0-2: Strikes out swinging
|
|
Batting: RHB Hun-hyeon Kym
|
0-0: Swinging Strike 0-1: Foul Ball, location: 2F 0-2: Foul Ball, location: 2F 0-2: Ball 1-2: Strikes out swinging
|
|
Batting: RHB Jelexiz Cuenca
|
0-0: Ball 1-0: Ball 2-0: Ball 3-0: Called Strike 3-1: DOUBLE (Line Drive, 78D, EV 107.5 MPH)
|
|
Batting: RHB Joe Simmelink
|
0-0: Called Strike 0-1: Ball 1-1: Ball 2-1: Ground out 4-3 (Groundball, 4S, EV 88.1 MPH)
|
| Bottom of the 4th over - 0 runs, 1 hit, 0 errors, 1 left on base; Peoria 0 - Hagerstown 0 |
| TOP OF THE 5TH |
|
Peoria Chiefs batting - Pitching for Hagerstown Suns : RHP Greg Hall
|
|
Batting: RHB Sam Daw
|
0-0: SINGLE (Groundball, 15S, EV 71.2 MPH) (infield hit)
|
|
Batting: RHB Fekadu Alhaadi
|
0-0: Ball 1-0: Ball 2-0: Ball 3-0: Called Strike 3-1: Fly out, F9 (Line Drive, 9, EV 99.4 MPH)
|
|
Batting: RHB Kyle Burns
|
0-0: Ball 1-0: Fielders Choice at 2nd, 4-6 (Groundball, 4, EV 83.1 MPH)
|
|
Batting: SHB Bobby Mercado
|
0-0: Ball 1-0: Called Strike 1-1: Foul Ball, location: 2F 1-2: Strikes out looking
|
| Top of the 5th over - 0 runs, 1 hit, 0 errors, 1 left on base; Peoria 0 - Hagerstown 0 |
| BOTTOM OF THE 5TH |
|
Hagerstown Suns batting - Pitching for Peoria Chiefs : RHP Tony Casey
|
|
Batting: RHB Taffounnout Kame
|
0-0: Ball 1-0: Ball 2-0: Ball 3-0: Called Strike 3-1: Base on Balls
|
|
Batting: RHB Aaron Bateman
|
0-0: Ball 1-0: Foul Ball, location: 2F 1-1: Ball 2-1: Ball 3-1: Fielders Choice at 2nd, 6-4 (Groundball, 6, EV 81.9 MPH)
|
|
Batting: RHB Xavier Reeves
|
0-0: Fly out, F7 (Flyball, 7S, EV 91.9 MPH)
|
|
Batting: RHB Leo Gutierrez
|
0-0: Ball Aaron Bateman is caught stealing 2nd base 2-4
|
| Bottom of the 5th over - 0 runs, 0 hits, 0 errors, 0 left on base; Peoria 0 - Hagerstown 0 |
| TOP OF THE 6TH |
|
Peoria Chiefs batting - Pitching for Hagerstown Suns : RHP Greg Hall
|
|
Batting: LHB Dwain Ashford
|
0-0: Called Strike 0-1: Ball 1-1: Swinging Strike 1-2: Fly out, F7 (Flyball, 78M, EV 76.9 MPH)
|
|
Batting: RHB Chris Rouleau
|
0-0: SINGLE (Flyball, 89S, EV 94.4 MPH)
|
|
Batting: RHB Tim Jobe
|
0-0: Fly out, F9 (Flyball, 89S, EV 73.8 MPH)
|
|
Batting: LHB Ignacio Ocampo
|
0-0: Called Strike 0-1: Ball 1-1: Swinging Strike 1-2: Ball 2-2: Strikes out swinging
|
| Top of the 6th over - 0 runs, 1 hit, 0 errors, 1 left on base; Peoria 0 - Hagerstown 0 |
| BOTTOM OF THE 6TH |
|
Hagerstown Suns batting - Pitching for Peoria Chiefs : RHP Tony Casey
|
|
Batting: RHB Leo Gutierrez
|
0-0: Ball 1-0: Called Strike 1-1: Ball 2-1: Swinging Strike 2-2: Foul Ball, location: 2F 2-2: Ball 3-2: SINGLE (Line Drive, 8LS, EV 90.6 MPH)
|
|
Pitching: LHP Mike Cobb
|
|
|
Batting: LHB Diego Gutierres
|
0-0: Foul Ball, location: 2F 0-1: Called Strike 0-2: Strikes out swinging
|
|
Batting: RHB Yok-sing Szema
|
0-0: Ball Pickoff Throw to First - Error! E1 Leo Gutierrez to second 1-0: Ball 2-0: Foul Ball, location: 2F 2-1: Ball 3-1: Called Strike 3-2: Strikes out swinging
|
|
Batting: RHB Hun-hyeon Kym
|
0-0: Ball 1-0: Foul Ball, location: 2F 1-1: Swinging Strike 1-2: Fly out, F9 (Flyball, 9S, EV 90.6 MPH)
|
| Bottom of the 6th over - 0 runs, 1 hit, 1 error, 1 left on base; Peoria 0 - Hagerstown 0 |
| TOP OF THE 7TH |
|
Peoria Chiefs batting - Pitching for Hagerstown Suns : RHP Greg Hall
|
|
Batting: RHB Bobby Miles
|
0-0: Ball 1-0: Called Strike 1-1: Ball 2-1: Fly out, F6 (Flyball, 6D, EV 91.9 MPH)
|
|
Batting: RHB Sam Daw
|
0-0: Called Strike 0-1: Called Strike 0-2: Strikes out looking
|
|
Batting: RHB Fekadu Alhaadi
|
0-0: Called Strike 0-1: Swinging Strike 0-2: Strikes out swinging
|
| Top of the 7th over - 0 runs, 0 hits, 0 errors, 0 left on base; Peoria 0 - Hagerstown 0 |
| BOTTOM OF THE 7TH |
|
Hagerstown Suns batting - Pitching for Peoria Chiefs : LHP Mike Cobb
|
|
Batting: RHB Jelexiz Cuenca
|
0-0: Ball 1-0: Ball 2-0: Reached on error, E6 (Groundball, 6, EV 82.5 MPH)
|
|
Batting: RHB Joe Simmelink
|
0-0: Bunt missed! 0-1: Bunt missed! 0-2: Fly out, F7 (Line Drive, 7, EV 91.2 MPH)
|
|
Batting: RHB Taffounnout Kame
|
0-0: Intentional Walk
|
|
Pinch Runner at 2nd Jason Ewert:
|
|
|
Batting: RHB Aaron Bateman
|
0-0: Ball Wild Pitch! Jason Ewert to third Taffounnout Kame to second 1-0: Ball 2-0: Swinging Strike 2-1: Called Strike 2-2: Foul Ball, location: 2F 2-2: SINGLE (Line Drive, 8LS, EV 93.8 MPH) Jason Ewert scores Taffounnout Kame to third Runner from 3rd tries for Home, SAFE, throw by CF to home
|
|
Batting: RHB Xavier Reeves
|
0-0: Swinging Strike 0-1: Foul Ball, location: 2F 0-2: Ball 1-2: Ball 2-2: Strikes out looking
|
|
Batting: RHB Leo Gutierrez
|
0-0: Fly out, F7 (Flyball, 7D, EV 104.4 MPH)
|
| Bottom of the 7th over - 2 runs, 1 hit, 1 error, 1 left on base; Peoria 0 - Hagerstown 2 |
| TOP OF THE 8TH |
|
Peoria Chiefs batting - Pitching for Hagerstown Suns : RHP Greg Hall
|
|
Now at 2B: Jason Ewert
|
|
|
Now at 3B: Aaron Bateman
|
|
|
Batting: RHB Kyle Burns
|
0-0: Fly out, F9 (Flyball, 9, EV 88.1 MPH)
|
|
Batting: SHB Bobby Mercado
|
0-0: Called Strike 0-1: Called Strike 0-2: Ball 1-2: Fly out, F7 (Flyball, 7S, EV 82.5 MPH)
|
|
Batting: LHB Dwain Ashford
|
0-0: Ball 1-0: Fly out, F4 (Line Drive, 4, EV 67.5 MPH)
|
| Top of the 8th over - 0 runs, 0 hits, 0 errors, 0 left on base; Peoria 0 - Hagerstown 2 |
| BOTTOM OF THE 8TH |
|
Hagerstown Suns batting - Pitching for Peoria Chiefs : LHP Mike Cobb
|
|
Batting: LHB Diego Gutierres
|
0-0: Called Strike 0-1: Swinging Strike 0-2: Strikes out swinging
|
|
Batting: RHB Yok-sing Szema
|
0-0: Ball 1-0: Foul Ball, location: 2F 1-1: Ball 2-1: Swinging Strike 2-2: Ball 3-2: Foul Ball, location: 2F 3-2: Foul Ball, location: 2F 3-2: Base on Balls
|
|
Batting: RHB Hun-hyeon Kym
|
0-0: Ball 1-0: Ball 2-0: Called Strike 2-1: Fly out, F3 (Popup, 3SF, EV 63.1 MPH)
|
|
Batting: RHB Jason Ewert
|
0-0: Swinging Strike 0-1: Swinging Strike 0-2: Ball 1-2: Ball 2-2: Fly out, F8 (Flyball, 8LM, EV 91.9 MPH)
|
| Bottom of the 8th over - 0 runs, 0 hits, 0 errors, 1 left on base; Peoria 0 - Hagerstown 2 |
| TOP OF THE 9TH |
|
Peoria Chiefs batting - Pitching for Hagerstown Suns : RHP Greg Hall
|
|
Now at 1B: Jessie Fisher
|
|
|
Batting: RHB Chris Rouleau
|
0-0: Ball 1-0: Swinging Strike 1-1: Ball 2-1: Ball 3-1: Ground out 5-3 (Groundball, 56S, EV 89.4 MPH)
|
|
Pitching: RHP Jordan Amaker
|
|
|
Batting: RHB Tim Jobe
|
0-0: Ball 1-0: Ball 2-0: Ground out 5-3 (Groundball, 5, EV 82.5 MPH)
|
|
Batting: LHB Ignacio Ocampo
|
0-0: Ball 1-0: Ball 2-0: Called Strike 2-1: Ball 3-1: Called Strike 3-2: Strikes out swinging
|
| Top of the 9th over - 0 runs, 0 hits, 0 errors, 0 left on base; Peoria 0 - Hagerstown 2 |
|